 Dungeon Crawl Stone Soup version 0.28-a0-863-g8cecda6153 (webtiles) character file.

Game seed: 16843579414799017115

462 vineage the Skirmisher (level 6, -2/55 HPs)
             Began as a Demonspawn Gladiator on Nov 18, 2021.
             Slain by an ogre (31 damage)
             ... on level 6 of the Dungeon.
             The game lasted 00:05:38 (4956 turns).

vineage the Skirmisher (Demonspawn Gladiator)       Turns: 4956, Time: 00:05:38

Health: -2/55      AC:  9    Str: 16    XL:     6   Next: 79%
Magic:  6/6        EV: 11    Int:  9    God:
Gold:   103        SH:  0    Dex: 15    Spells: 5/5 levels left

rFire   . . .      SeeInvis +   t - +2 falchion (elec)
rCold   . . .      Faith    .   (no shield)
rNeg    . . .      Spirit   .   n - +3 ring mail
rPois   .          Reflect  .   (helmet restricted)
rElec   .          Harm     .   (no cloak)
rCorr   .          Rampage  .   (no gloves)
Will    .....                   v - +0 pair of boots
Stlth   +.........              (no amulet)
HPRegen 0.18/turn               r - ring of see invisible
MPRegen 0.10/turn               (no ring)

@: no status effects
A: horns 2, powered by pain 1
a: no special abilities


You were on level 6 of the Dungeon.
You visited 1 branch of the dungeon, and saw 7 of its levels.

You collected 103 gold pieces.

Inventory:

Hand Weapons
 a - a +0 war axe
 t - a +2 falchion of electrocution (weapon)
Missiles
 d - 4 throwing nets (quivered)
Armour
 b - a +0 leather armour
 c - a +0 helmet
 n - a +3 ring mail (worn)
 v - a +0 pair of boots (worn)
Jewellery
 r - a ring of see invisible (left hand)
 s - an amulet of faith
Wands
 i - a wand of digging (3)
Scrolls
 m - a scroll of amnesia
Potions
 e - a potion of brilliance {unknown}
 f - a potion of berserk rage {unknown}
 g - a potion of invisibility
 h - a potion of heal wounds
 j - a potion of resistance
 k - 2 potions of haste
 l - a potion of attraction {unknown}
 o - a potion of might {unknown}
 p - a potion of degeneration {unknown}
 u - a potion of magic {unknown}


   Skills:
 * Level 7.1 Fighting
 + Level 1.3 Long Blades
 - Level 2.6 Axes
 - Level 1.7 Throwing
 - Level 2.6 Dodging


You had 5 spell levels left.
You didn't know any spells.
Your spell library contained the following spells:

 Spells                   Type           Power      Damage    Failure   Level
 Ensorcelled Hibernation  Hex/Ice        0%         N/A       75%         2
 Spider Form              Tmut/Pois      0%         N/A       93%         3
 Tukima's Dance           Hex            0%         N/A       93%         3


Dungeon Overview and Level Annotations

Branches:
Dungeon (7/15)
 Temple: D:4-7

Altars:
Ashenzari
Gozag
Qazlal

Shops:
D:4 :   D:5 (


Innate Abilities, Weirdness & Mutations

You have a pair of horns on your head.
You sometimes gain a little power by taking damage.


Message History

You are too injured to fight recklessly!
You are too injured to fight recklessly!
You are too injured to fight recklessly!
You are too injured to fight recklessly!
You are too injured to fight recklessly!
You are too injured to fight recklessly!
You are too injured to fight recklessly!
You are too injured to fight recklessly!
You are too injured to fight recklessly!
You are too injured to fight recklessly!
The ogre misses you.
There is a stone staircase leading down here.
The ogre misses you.
You climb downwards.
Found an escape hatch in the floor.
There is a stone staircase leading up here.
The ogre misses you.
You climb upwards.
There is a stone staircase leading down here.
As you read the scroll of teleportation, it crumbles to dust.
You feel strangely unstable.
Your surroundings seem slightly different.
There is a stone staircase leading up here.
You climb upwards.
There is a stone staircase leading down here.
You are too injured to fight recklessly!
You feel a little less agile now.
There is an entrance to Qoakerph's Firing Range here.
You see here a poisoned dart.
You see here a bolt.
There is an entrance to Qoakerph's Firing Range here.
There is a stone staircase leading down here.
You climb downwards.
The ogre hits you with a +0 giant club!!
There is a stone staircase leading up, spattered with blood here.
You slash the ogre!
The ogre is moderately wounded.
The ogre hits you with a +0 giant club!!
Ouch! That really hurt!
You die...

########## #....@...#
#...O....# #........#
#........#
########........#
#...............#
#...............##+#.
#....................
########..ยง..........


You could see an ogre.

Vanquished Creatures
  A phantom (D:5)
  A water moccasin zombie (D:5)
  A jelly (D:4)
  2 orc wizards (D:4)
  Robin (D:3)
  4 gnolls (D:4)
  8 adders
  An ufetubus (D:4)
  3 worms
  12 orcs
  7 endoplasms
  2 giant cockroaches (D:1)
  14 goblins
  7 hobgoblins
  6 jackals
  A quokka (D:1)
  3 training dummies (D:5)
  8 ball pythons
  5 bats
  12 frilled lizards
  5 kobolds
  7 rats
111 creatures vanquished.

Notes
Turn   | Place    | Note
-------+----------+-------------------------------------------
     0 | D:1      | vineage the Demonspawn Gladiator began the quest for the
                  | Orb.
     0 | D:1      | Reached XP level 1. HP: 16/16 MP: 1/1
   232 | D:1      | Gained mutation: You have a pair of small horns on your
                  | head. [demonic ancestry]
   232 | D:1      | Reached XP level 2. HP: 20/23 MP: 2/2
   308 | D:1      | Reached skill level 3 in Fighting
  1104 | D:2      | Reached XP level 3. HP: 18/30 MP: 3/3
  1228 | D:2      | Found a broken altar of Ashenzari.
  1353 | D:2      | Reached skill level 4 in Fighting
  1380 | D:2      | HP: 1/30 [jackal (3)]
  1386 | D:2      | Gained mutation: You sometimes gain a little power by
                  | taking damage. [demonic ancestry]
  1386 | D:2      | Reached XP level 4. HP: 38/38 MP: 4/4
  2621 | D:3      | Noticed Robin
  2637 | D:3      | Reached skill level 5 in Fighting
  2644 | D:3      | Killed Robin
  2861 | D:3      | Gained mutation: You have a pair of horns on your head.
                  | [demonic ancestry]
  2861 | D:3      | Reached XP level 5. HP: 44/44 MP: 5/5
  2911 | D:3      | Found an opulent altar of Gozag.
  2911 | D:3      | Found a stormy altar of Qazlal.
  3234 | D:4      | Found Zyol's Book Boutique.
  3503 | D:4      | Reached skill level 6 in Fighting
  3640 | D:4      | Reached XP level 6. HP: 49/53 MP: 6/6
  4099 | D:5      | Entered Level 5 of the Dungeon
  4180 | D:5      | Found Qoakerph's Firing Range.
  4584 | D:5      | Reached skill level 1 in Long Blades
  4650 | D:5      | Reached skill level 7 in Fighting
  4956 | D:6      | Slain by an ogre

Illustrated notes

Levels and vault maps discovered:
D:1:      dpeg_arrival_court, layout_basic
D:2:      layout_basic, basic_altar
D:3:      layout_loops_ring, gammafunk_temple_overflow_statue, uniq_robin
D:4:      layout_loops_ring, serial_shops, nicolae_shop_waterfront
D:5:      layout_basic, led_sif_pool, grunt_ministairs_14,
          nicolae_shop_firing_range
D:6:      layout_basic, uniq_grinder
D:7:      cheibrodos_fertilizer, layout_rooms, minmay_temple_entry_mini_moons

Skill      XL: |  1  2  3  4  5  6 |
---------------+-------------------+-----
Fighting       | 3 4 5 6 7 |  7.1
Long Blades    | 1 |  1.3
Axes           | |  2.6
Throwing       | |  1.7
Dodging        | |  2.6

Action                   |  1- 3 |  4- 6 || total
-------------------------+-------+-------++-------
Melee: War axe           |   117 |   126 ||   243
       Headbutt          |    14 |    30 ||    44
       Falchion          |       |    71 ||    71
  Use: Scroll            |     1 |     8 ||     9
       Potion            |     1 |       ||     1
 Stab: Sleeping          |     1 |     1 ||     2
       Distracted        |       |     1 ||     1
Armor: Leather armour    |    35 |     9 ||    44
       Ring mail         |       |    73 ||    73
Dodge: Dodged            |   101 |   129 ||   230

Table legend: (Time is in decaauts)
 A = Elapsed time spent in this place.
 B = Non-inter-level travel time spent in this place.
 C = Inter-level travel time spent in this place.
 D = Time resting spent in this place.
 E = Time spent auto-exploring this place.
 F = Levels seen in this place.
 G = Mean time per level.
                   A        B        C        D        E       F      G
               +--------+--------+--------+--------+--------+-----+--------+
         Total |   5063 |   4675 |    388 |      0 |   3889 |   7 |  723.3 |
       Dungeon |   5063 |   4675 |    388 |      0 |   3889 |   7 |  723.3 |
               +--------+--------+--------+--------+--------+-----+--------+

Top non-repeatable levels by time:
     D:2: 1143 daAuts
     D:4: 1065 daAuts
     D:3: 1025 daAuts
     D:1: 967 daAuts
     D:5: 823 daAuts
     D:6: 37 daAuts
     D:7: 1 daAuts
